 Dungeon Crawl Stone Soup version 0.21-a0-278-ga722497 (webtiles) character file.

13476 tidbits the Martial Artist (level 11, -2/81 HPs)
             Began as a Demigod Transmuter on Sept 21, 2017.
             Slain by a nine-headed hydra (8 damage)
             ... on level 2 of the Lair of Beasts.
             The game lasted 01:01:30 (6494 turns).

tidbits the Martial Artist (Demigod Transmuter)     Turns: 6494, Time: 01:01:30

Health: -2/81      AC:  6    Str: 13    XL:     11   Next: 47%
Magic:  25/25      EV: 17    Int: 28    God:
Gold:   343        SH:  0    Dex: 18    Spells: 7/23 levels left

rFire    + . .     SeeInvis .   a - -1 scythe
rCold    . . .     Gourm    .   (shield currently unavailable)
rNeg     . . .     Faith    .   B - +2 robe {rF+}
rPois    .         Spirit   .   E - +2 hat
rElec    .         Reflect  +   (no cloak)
rCorr    .         Harm     .   (no gloves)
MR       +....                  (no boots)
Stlth    +.........             b - +3 amulet of reflection
HPRegen  0.23/turn              V - +5 ring of intelligence
MPRegen  0.19/turn              (no ring)

@: confused, lethally poisoned (-2 -> -3)
A: antennae 1, hooves 1, thin skeletal structure 1, frail 1, high mp 1,
MP-powered wands
a: no special abilities


You were on level 2 of the Lair of Beasts.
You were not hungry.

You visited 2 branches of the dungeon, and saw 13 of its levels.
You also visited: Labyrinth.

You collected 703 gold pieces.
You spent 360 gold pieces at shops.

Inventory:

Hand Weapons
 a - a -1 scythe (weapon)
 e - the +7 shortbow "Eqiniyd" {speed, rElec MP+9}
   (You took it off a minotaur in a labyrinth)

   Attacks with this weapon are significantly faster.
   It insulates you from electricity.
   It affects your magic capacity (+9).
 F - a +0 blowgun
 U - the +2 triple crossbow "Buxugg" {elec, rC++}
   (You found it on level 10 of the Dungeon)

   It charges the ammunition it shoots with electricity; occasionally upon a
   hit, such missiles may discharge and cause terrible harm.
   It greatly protects you from cold.
Missiles
 g - 60 stones
 n - 2 throwing nets {!f}
 p - 180 arrows
 D - 3 javelins (quivered)
 P - 6 curare-tipped needles
Armour
 y - a +0 shield
 B - a +2 robe of fire resistance (worn)
   (You found it in a labyrinth)
 E - a +2 hat (worn)
Magical Staves
 w - an uncursed staff of wizardry {!a}
   (You found it in a labyrinth)
Jewellery
 b - a +3 amulet of reflection (around neck)
   (You took it off a minotaur in a labyrinth)
 K - an uncursed ring of resist corrosion
   (You found it on level 10 of the Dungeon)
 V - a +5 ring of intelligence (left hand)
   (You found it in a labyrinth)
Wands
 q - a wand of iceblast (8/15)
 u - a wand of confusion (21/48)
 J - a wand of polymorph (16/24)
 R - a wand of lightning (9/15)
 W - a wand of flame (25/48)
 Y - a wand of enslavement (6/24)
Scrolls
 f - 2 scrolls of teleportation
 h - 2 scrolls of enchant armour
 i - a scroll of fear
 m - 5 scrolls of magic mapping
 r - 2 scrolls of remove curse
 t - 3 scrolls of fog
 v - a scroll of amnesia
 T - a scroll of random uselessness {unknown}
 X - a scroll of acquirement {unknown}
 Z - a scroll of blinking {unknown}
Potions
 j - 2 potions of ambrosia
 k - 3 potions of haste
 s - 7 potions of curing
 x - a potion of mutation {unknown}
 z - 3 potions of flight
 A - 2 potions of might
 C - a potion of cancellation {unknown}
 G - 2 potions of heal wounds
 H - a potion of magic {unknown}
 I - a potion of brilliance
 L - a potion of berserk rage {unknown}
 S - a potion of invisibility {unknown}
Books
 c - a book of Changes

   Spells                             Type                      Level
   a - Beastly Appendage              Transmutation                1
   b - Sticks to Snakes               Transmutation                2
   c - Spider Form                    Transmutation/Poison         3
   d - Ice Form                       Ice/Transmutation            4
   e - Blade Hands                    Transmutation                5
 o - a book of Enchantments
   (You found it in a labyrinth)

   Spells                             Type                      Level
   a - Cause Fear                     Hexes                        4
   b - Yara's Violent Unravelling     Hexes/Transmutation          5
   c - Silence                        Hexes/Air                    5
   d - Deflect Missiles               Charms/Air                   6
   e - Discord                        Hexes                        8
 M - a book of Necromancy
   (You bought it in a shop on level 8 of the Dungeon)

   Spells                             Type                      Level
   a - Pain                           Necromancy                   1
   b - Animate Skeleton               Necromancy                   1
   c - Vampiric Draining              Necromancy                   3
   d - Regeneration                   Charms/Necromancy            3
   e - Animate Dead                   Necromancy                   4
   f - Control Undead                 Necromancy                   4
 N - the Catalogue of Unholy Battle Magic
   (You found it in a labyrinth)

   Spells                             Type                      Level
   a - Flame Tongue                   Conjuration/Fire             1
   b - Animate Skeleton               Necromancy                   1
   c - Pain                           Necromancy                   1
   d - Fireball                       Conjuration/Fire             5
   e - Bolt of Magma                  Conjuration/Fire/Earth       5
 O - a book of Battle
   (You found it on level 7 of the Dungeon)

   Spells                             Type                      Level
   a - Infusion                       Charms                       1
   b - Shroud of Golubria             Charms/Translocation         2
   c - Song of Slaying                Charms                       2
   d - Spectral Weapon                Hexes/Charms                 3
   e - Regeneration                   Charms/Necromancy            3
Comestibles
 d - 10 fruits
 l - a chunk of flesh
 Q - 6 bread rations


   Skills:
 + Level 6.4 Fighting
 + Level 6.9 Dodging
 * Level 9.4 Unarmed Combat
 - Level 6.7 Spellcasting
 - Level 1.0 Charms
 - Level 3.7 Necromancy
 - Level 9.0 Transmutations


You had 7 spell levels left.
You knew the following spells:

 Your Spells              Type           Power        Failure   Level  Hunger
g - Shroud of Golubria    Chrm/Tloc      ##........   7%          2    None
h - Blade Hands           Tmut           ######....   3%          5    #####..
k - Sticks to Snakes      Tmut           ######..     1%          2    None
n - Animate Skeleton      Necr           N/A          1%          1    None
p - Spider Form           Tmut/Pois      ####......   2%          3    None
r - Regeneration          Chrm/Necr      ###.......   6%          3    None


Dungeon Overview and Level Annotations

Branches:
Dungeon (11/15)              Lair (2/6) D:10
 Temple: D:4-7        Swamp: Lair:2-4    Shoals: Lair:2-4     Snake: Lair:2-4
 Spider: Lair:2-4       Orc: D:9-12

Shops:
D:8 :   D:9 *


Innate Abilities, Weirdness & Mutations

You have an increased reservoir of magic. (+10% MP)
You have a pair of small antennae on your head.
You have large cloven feet.
You have a somewhat thin skeletal structure. (Dex +2, Stealth)
You are frail. (-10% HP)
You expend magic power (3 MP) to strengthen your wands.


Message History

Items here: % ( ) :: [[ Adjust (i)tems, (s)pells, or (a)bilities?
Adjust which item? (? for menu, Esc to quit)
Okay, then.
Wield which item (- for none, * to show all)? (? for menu, Esc to quit)
a - a -1 scythe (weapon)
y - a shield;
O - a book of Battle You can't carry that many items.
Drop what? 52/52 slots (_ for help) (? for menu, Esc to quit)
Okay, then.
It was a potion of brilliance.
You feel clever all of a sudden.
Okay, then.
Drop what? 52/52 slots (_ for help) (? for menu, Esc to quit)
You drop a +1 dagger of venom.
d - 10 fruits You feel a little less mighty now.
A spiny frog comes into view.
The spiny frog gives a loud, deep croak!
Found a potion of might.
Casting: Animate Skeleton
Confirm with . or Enter, or press ? or * to list all spells.
Your hands turn into razor-sharp scythe blades.
Your -1 scythe melds into your body.
You slice the spiny frog!! You slash the spiny frog!
The spiny frog is severely wounded.
The spiny frog stings you!
You are poisoned.
The spiny frog poisons you!
You hit the spiny frog. You kick the spiny frog.
The spiny frog is almost dead.
You feel sick. You block the spiny frog's attack.
You hit the spiny frog.
You kick the spiny frog, but do no damage.
The spiny frog is almost dead.
You feel sick. The spiny frog completely misses you.
You hit the spiny frog but do no damage.
Your kick misses the spiny frog.
The spiny frog is almost dead.
You feel sick. The spiny frog barely misses you.
You hit the spiny frog but do no damage.
The spiny frog is almost dead.
The spiny frog misses you.
You slice the spiny frog!!
You kill the spiny frog!
You feel sick.
You feel sick.
A - 2 potions of might (gained 1)
You see here a spiny frog corpse.
Casting: Blade Hands
Confirm with . or Enter, or press ? or * to list all spells.
You attempt to give life to the dead...
Before your eyes, flesh is ripped from the corpse!
The dead are hopping!
You feel a little less clever now.
You feel sick.
You see here 3 inedible chunks of flesh.
Casting: Animate Skeleton
Confirm with . or Enter, or press ? or * to list all spells.
Your skin crawls.
You feel sick.
Your transformation is almost over.
You feel sick.
Found a quarterstaff.
You feel sick.
Your skin is crawling a little less now.
You feel sick.
An eight-headed hydra comes into view.
Your hands revert to their normal proportions.
Your -1 scythe unmelds from your body.
The eight-headed hydra roars!
Evoke which item? (* to show all) (? for menu, Esc to quit)
Okay, then.
Evoke which item? (* to show all) (? for menu, Esc to quit)
Okay, then.
It was a potion of ambrosia.
You are confused.
You feel invigorated.
You feel sick.
Your skin stops crawling.
You feel sick.
Are you sure you want to stumble around while confused and next to your spiny frog skeleton?
Okay, then.
Are you sure you want to stumble around while confused and next to your spiny frog skeleton?
You lop one of the eight-headed hydra's heads off!
The seven-headed hydra grows two more!
You slash the nine-headed hydra! You kick the nine-headed hydra.
The nine-headed hydra is lightly wounded.
The nine-headed hydra misses you. The nine-headed hydra bites you!
The nine-headed hydra bites you. x3
The nine-headed hydra bites you but does no damage.
The nine-headed hydra bites you! x2
* * * LOW HITPOINT WARNING * * *
The nine-headed hydra bites you!
* * * LOW HITPOINT WARNING * * *
The nine-headed hydra bites you!
* * * LOW HITPOINT WARNING * * *
The nine-headed hydra closely misses you.
The nine-headed hydra bites you.
* * * LOW HITPOINT WARNING * * *
The nine-headed hydra bites you!
You die...

#.........##......P....,*,,,,,**
..#...#...........#...#,*,,,,,*
..P...#.#%P...........*,*,,,,,*
....P.#.#.#.....P...P.*,*,,,*,**
........#.##......#.*,,,,,,,*,,*
..P..........#....#,#,,,*,,,*,,*
..#..........#....#.#.#.,,,,,,,*
....P........##.#.....P.,,,,,,**
....#...P......Z@...#..,*,*,*,*
......P.#.......PD..#,,,,,,,,,**
§§........#.........#,,,,,,,,,,*
≈§§.....#.##....P.....,,,,*,,,,*
§≈≈≈.......#............,,,,,,**
§§§§§.....#...........P.,,,,,,*
≈≈≈≈≈≈,,,...............,,,,,,*
≈≈≈≈≈,,,,.........#...P.,,,,,,**
,≈≈≈≈,,,,,,,,,,,*,,,,,*,*,,,,,,*


You could see a nine-headed hydra and a friendly spiny frog skeleton.

Vanquished Creatures
  A minotaur (Lab)
  4 two-headed ogres
  Pikel (D:8)
  Joseph (D:8)
  A black mamba (Lair:1)
  3 spiny frogs (Lair:2)
  2 komodo dragons
  A troll (D:10)
  Grinder (D:4)
  2 hippogriffs
  A spriggan (D:7)
  2 wyverns (D:8)
  5 yaks (D:11)
  Eustachio (D:4)
  A basilisk (D:11)
  5 hungry ghosts
  Edmund (D:4)
  A water moccasin (Lair:1)
  2 orc warriors
  3 ice beasts
  4 sky beasts
  A black bear (D:6)
  2 slaves (D:8)
  4 phantoms
  7 centaurs
  A hornet zombie (D:6)
  5 ogres
  2 eyes of draining (D:3)
  4 wolves (Lair:2)
  The ghost of 4thArraOfDagon the Digger, an amateur FoEE (D:4)
  2 crocodiles (Lair:1)
  2 big kobolds (D:8)
  3 bullfrogs
  A water moccasin zombie (D:9)
  4 wights (D:9)
  5 vampire bats (Lair:1)
  An electric eel (Lair:1)
  4 howler monkeys
  A bullfrog zombie (D:7)
  4 orc priests
  A centaur skeleton (D:9)
  A jelly (D:8)
  6 hounds
  Jessica (D:2)
  5 worker ants
  An iguana (D:11)
  6 orc wizards
  A hound skeleton (D:6)
  2 worker ant zombies
  9 adders
  4 gnolls
  3 shadow imps
  2 oozes (D:1)
  An adder skeleton (D:7)
  4 worms
  3 leopard geckos
  24 orcs
  4 giant cockroaches
  6 goblins
  A hobgoblin (D:2)
  5 jackals
  14 kobolds
  8 quokkas
  12 bats
  7 frilled lizards
  A jackal skeleton (D:4)
  2 leopard gecko skeletons
  2 quokka skeletons
  A quokka zombie (D:6)
  2 rats
236 creatures vanquished.

Vanquished Creatures (collateral kills)
  A komodo dragon (D:10)
  An electric eel (Lair:1)
  A howler monkey (D:4)
  An orc wizard (D:11)
  An adder zombie (D:8)
  A worm (D:3)
  3 orcs
  A goblin (D:11)
  2 hobgoblins
  A bat (Lair:1)
  A plant (D:10)
14 creatures vanquished.

Vanquished Creatures (others)
  A slave (D:8)
  A scorpion (D:8)
  An orc (D:8)
  A fungus (Lair:2)
  2 plants
6 creatures vanquished.

Grand Total: 256 creatures vanquished

Notes
Turn   | Place    | Note
-------+----------+-------------------------------------------
     0 | D:1      | tidbits the Demigod Transmuter began the quest for the Orb.
     0 | D:1      | Reached XP level 1. HP: 15/15 MP: 5/5
   140 | D:1      | Reached skill level 2 in Spellcasting
   212 | D:1      | Reached XP level 2. HP: 20/22 MP: 5/7
   216 | D:1      | Learned a level 2 spell: Sticks to Snakes
   462 | D:2      | Reached skill level 2 in Transmutations
   520 | D:2      | Found an iron altar of Okawaru.
   537 | D:2      | Reached XP level 3. HP: 10/27 MP: 4/9
   545 | D:2      | Learned a level 3 spell: Spider Form
   726 | D:2      | Noticed a phantom
   790 | D:2      | Reached skill level 3 in Unarmed Combat
   831 | D:2      | Found a sparkling altar of Nemelex Xobeh.
   831 | D:2      | Noticed Jessica
   846 | D:2      | Killed Jessica
   846 | D:2      | Reached XP level 4. HP: 10/34 MP: 1/10
   857 | D:2      | Found an opulent altar of Gozag.
  1021 | D:2      | Found a white marble altar of Elyvilon.
  1106 | D:4      | Noticed 4thArraOfDagon's ghost (amateur FoEE)
  1465 | D:3      | Found a bloodstained altar of Trog.
  1465 | D:3      | Noticed an eye of draining
  1465 | D:3      | Noticed an eye of draining
  1472 | D:3      | Reached skill level 4 in Unarmed Combat
  1482 | D:3      | Killed an eye of draining
  1482 | D:3      | Reached skill level 3 in Transmutations
  1482 | D:3      | Reached XP level 5. HP: 34/39 MP: 0/12
  1489 | D:3      | Killed an eye of draining
  1627 | D:4      | Found a hazy altar of Hepliaklqana.
  1633 | D:4      | Reached skill level 5 in Unarmed Combat
  1633 | D:4      | Reached XP level 6. HP: 46/46 MP: 5/13
  1688 | D:4      | Noticed Eustachio
  1691 | D:4      | Noticed Grinder
  1696 | D:4      | Paralysed by Grinder for 7 turns
  1704 | D:4      | Killed Eustachio
  1709 | D:4      | Killed Grinder
  1709 | D:4      | Reached skill level 6 in Unarmed Combat
  1709 | D:4      | Reached skill level 4 in Transmutations
  1709 | D:4      | Reached XP level 7. HP: 23/51 MP: 3/14
  1858 | D:4      | Reached skill level 1 in Fighting
  1858 | D:4      | Reached skill level 2 in Dodging
  2013 | D:4      | Killed 4thArraOfDagon's ghost
  2013 | D:4      | Reached skill level 2 in Fighting
  2049 | D:4      | Noticed Edmund
  2117 | D:4      | Killed Edmund
  2117 | D:4      | Reached skill level 3 in Dodging
  2186 | D:5      | Entered Level 5 of the Dungeon
  2241 | D:6      | Reached skill level 7 in Unarmed Combat
  2241 | D:6      | Reached XP level 8. HP: 52/62 MP: 11/15
  2338 | D:6      | Reached skill level 3 in Fighting
  2401 | D:5      | Found a glowing silver altar of Zin.
  2401 | D:5      | Found a deep blue altar of Sif Muna.
  2579 | D:6      | Found a bloodstained altar of Trog.
  2592 | D:6      | Reached skill level 4 in Dodging
  2800 | D:8      | Reached skill level 4 in Fighting
  2906 | D:8      | Noticed Pikel
  2933 | D:8      | Killed Pikel
  2933 | D:8      | Reached skill level 8 in Unarmed Combat
  2960 | D:8      | Noticed Joseph
  2994 | D:8      | Killed Joseph
  2994 | D:8      | Reached skill level 5 in Fighting
  2994 | D:8      | Reached skill level 5 in Dodging
  2994 | D:8      | Reached XP level 9. HP: 28/74 MP: 10/16
  3227 | D:8      | Reached skill level 6 in Dodging
  3239 | D:8      | Found an ornate altar of the Wu Jian Council.
  3329 | D:8      | Found a radiant altar of Vehumet.
  3346 | D:8      | Found Efitiy's Book Shop.
  3408 | D:8      | Reached skill level 6 in Fighting
  3583 | D:8      | Bought a book of Necromancy for 360 gold pieces
  3587 | D:8      | Learned a level 3 spell: Regeneration
  3589 | D:8      | Learned a level 1 spell: Animate Skeleton
  3752 | D:7      | Reached skill level 1 in Necromancy
  3871 | D:7      | Reached skill level 3 in Spellcasting
  3871 | D:7      | Reached skill level 1 in Charms
  3912 | D:7      | Noticed a two-headed ogre
  3935 | D:7      | Killed a two-headed ogre
  3935 | D:7      | Reached skill level 2 in Necromancy
  3935 | D:7      | Reached XP level 10. HP: 27/83 MP: 8/19
  4023 | D:7      | Reached skill level 4 in Spellcasting
  4167 | D:9      | Found Ihil's Elemental Accessories.
  4197 | D:9      | Noticed a two-headed ogre
  4204 | D:9      | Killed a two-headed ogre
  4204 | D:9      | Reached skill level 3 in Necromancy
  4236 | D:10     | Entered Level 10 of the Dungeon
  4265 | D:10     | Learned a level 2 spell: Shroud of Golubria
  4316 | D:10     | Reached skill level 5 in Transmutations
  4602 | D:10     | Got a dazzling triple crossbow
  4604 | D:10     | Identified the +2 triple crossbow "Buxugg" {elec, rC++} (You found it on level 10 of the Dungeon)
  4683 | D:10     | Reached skill level 5 in Spellcasting
  4686 | D:10     | Gained mutation: You have a somewhat thin skeletal structure. (Dex +2, Stealth) [mutagenic meat]
  4687 | D:10     | Gained mutation: You are frail. (-10% HP) [mutagenic meat]
  4688 | D:10     | Gained mutation: You have large cloven feet. [mutagenic meat]
  4689 | D:10     | Gained mutation: You expend magic power (3 MP) to strengthen your wands. [mutagenic meat]
  4690 | D:10     | Gained mutation: You have a pair of small antennae on your head. [mutagenic meat]
  4832 | D:9      | Noticed a two-headed ogre
  4848 | D:9      | Killed a two-headed ogre
  4848 | D:9      | Reached skill level 6 in Transmutations
  4891 | D:9      | Learned a level 5 spell: Blade Hands
  5063 | D:11     | Reached skill level 7 in Transmutations
  5168 | D:11     | Reached skill level 6 in Spellcasting
  5204 | D:11     | Got a crystal dagger
  5205 | D:11     | Identified the +5 dagger of the Sky {pierce, rPois} (You found it on level 11 of the Dungeon)
  5259 | D:10     | Noticed a two-headed ogre
  5273 | D:10     | Killed a two-headed ogre
  5273 | D:10     | Reached XP level 11. HP: 65/80 MP: 14/24
  5279 | D:10     | Found a staircase to the Lair.
  5304 | Lair:1   | Entered Level 1 of the Lair of Beasts
  5400 | Lair:1   | Reached skill level 8 in Transmutations
  5783 | Lair:2   | Found a labyrinth entrance.
  5786 | Lair:2   | Reached skill level 9 in Transmutations
  5802 | Lab      | Entered a labyrinth
  6044 | Lab      | Noticed a minotaur
  6073 | Lab      | Reached skill level 9 in Unarmed Combat
  6384 | Lab      | Killed a minotaur
  6387 | Lab      | Got a brightly glowing shortbow
  6397 | Lab      | Identified the Catalogue of Unholy Battle Magic
  6399 | Lab      | Identified the +7 shortbow "Eqiniyd" {speed, rElec MP+9} (You took it off a minotaur in a labyrinth)
  6487 | Lair:2   | Noticed an eight-headed hydra
  6494 | Lair:2   | HP: 6/81 [nine-headed hydra (6)]
  6494 | Lair:2   | Slain by a nine-headed hydra

Vault maps used:
D:1:      dpeg_arrival_stone_temple_mockup, serial_bayou_lake_a
D:2:      grunt_temple_overflow_opulence, old_standard_altar,
          lemuel_crystal_altar, serial_park_tiny_2, minmay_misc_feat_room,
          uniq_jessica
D:3:      wad_woods_tower, minmay_misc_feat_doors, minmay_misc_feat_nine_boxes,
          minmay_misc_feat_pillars, trog_eyes_of_draining
D:4:      old_standard_altar, uniq_edmund, uniq_eustachio, uniq_grinder
D:5:      nicolae_overflow_hidden_temple, first_bread, serial_bayou_crossing
D:6:      old_standard_altar, minmay_temple_entry_nine_rooms
D:7:      marbit_many_paths, bh_chokoban, the_bakery
D:8:      lemuel_crystal_altar, lemuel_crystal_altar, serial_shops, shop,
          uniq_pikel, uniq_joseph, uniq_erica
D:9:      nicolae_elemental_shop
D:10:     david_lair_shrubbed
D:11:     erik_orc_3, serial_shops, shop
Lair:1:   serial_bayou, serial_bayou_pond_e, serial_bayou_pond_a,
          serial_bayou_pond_b, serial_bayou_pond_a, serial_bayou_shore_a,
          st_stairs_6, roderic_batcave
Lair:2:   lab_entry_generic, minmay_lindwurm_lava, grunt_megastairs_5,
          infiniplex_staircase_pool
Lab:      labyrinth_watery, nicolae_lab_checkerboard,
          labyrinth_skeletal_remains, nicolae_lab_big_swirl

Skill      XL: |  1  2  3  4  5  6  7  8  9 10 11 |
---------------+----------------------------------+-----
Spellcasting   | 2 3 6 |  6.7
Transmutations | 2 3 4 7 9 |  9.0
Unarmed Combat | 3 4 5 6 7 8 9 |  9.4
Fighting       | 2 5 6 |  6.4
Dodging        | 3 5 6 |  6.9
Necromancy     | 2 3 |  3.7
Charms         | 1 |  1.0

Action                   |  1- 3 |  4- 6 |  7- 9 | 10-12 || total
-------------------------+-------+-------+-------+-------++-------
Melee: Whip              |    36 |       |       |       ||    36
       Kick              |     9 |       |       |    33 ||    42
       Headbutt          |     3 |       |       |       ||     3
       Short sword       |    16 |       |       |       ||    16
       Unarmed           |    17 |    68 |   291 |   274 ||   650
       Dagger            |     8 |    18 |    11 |       ||    37
       Scythe            |       |       |     6 |     2 ||     8
       Punch             |       |       |       |     4 ||     4
Throw: Stone             |     1 |       |       |       ||     1
       Javelin           |       |       |       |     2 ||     2
 Cast: Beastly Appendage |    13 |       |       |       ||    13
       Sticks to Snakes  |     5 |    10 |    22 |    19 ||    56
       Spider Form       |     6 |    13 |    37 |    17 ||    73
       Regeneration      |       |       |     2 |    20 ||    22
       Blade Hands       |       |       |       |    19 ||    19
       Animate Skeleton  |       |       |       |    13 ||    13
       Shroud of Golubri |       |       |       |     5 ||     5
 Abil: End Transformatio |       |       |       |     6 ||     6
Evoke: Wand              |       |       |       |     5 ||     5
  Use: Scroll            |       |     4 |     7 |     5 ||    16
       Potion            |       |     1 |     2 |     4 ||     7
 Stab: Sleeping          |     2 |     2 |     2 |       ||     6
       Distracted        |       |       |     2 |     3 ||     5
  Eat: Chunk             |       |     6 |    12 |    18 ||    36
       Fruit             |       |       |     1 |     2 ||     3
       Bread ration      |       |       |       |     2 ||     2
Armor: Robe              |    10 |       |     5 |    15 ||    30
       Skin              |     2 |     5 |     7 |     3 ||    17
Dodge: Dodged            |    64 |    69 |   282 |   191 ||   606
Block: Other             |       |       |       |     1 ||     1

Table legend:
 A = Spawn XP
 B = Non-spawn XP
 C = Spawn XP percentage of total XP
 D = Spawn monster count
 E = Non-spawn monster count
 F = Spawn count percentage of total count
 G = Total turns spent on level
                    A         B        C        D         E        F      G
               +---------+---------+-------+---------+---------+-------+---------
         Total |       0 |   19252 |   0.0 |       0 |     247 |   0.0 |  6494
               +---------+---------+-------+---------+---------+-------+---------
           D:1 |       0 |      28 |   0.0 |       0 |      12 |   0.0 |   496
           D:2 |       0 |     104 |   0.0 |       0 |      26 |   0.0 |   559
           D:3 |       0 |     281 |   0.0 |       0 |      18 |   0.0 |   529
           D:4 |       0 |    1198 |   0.0 |       0 |      24 |   0.0 |   602
           D:5 |       0 |      43 |   0.0 |       0 |       3 |   0.0 |    84
           D:6 |       0 |     713 |   0.0 |       0 |      12 |   0.0 |   419
           D:7 |       0 |    1836 |   0.0 |       0 |      22 |   0.0 |   768
           D:8 |       0 |    2713 |   0.0 |       0 |      38 |   0.0 |   740
           D:9 |       0 |    2787 |   0.0 |       0 |      30 |   0.0 |   429
          D:10 |       0 |    1782 |   0.0 |       0 |      10 |   0.0 |   485
          D:11 |       0 |    2293 |   0.0 |       0 |      20 |   0.0 |   193
        Lair:1 |       0 |    1493 |   0.0 |       0 |      17 |   0.0 |   365
        Lair:2 |       0 |    2186 |   0.0 |       0 |      10 |   0.0 |   195
           Lab |       0 |    1795 |   0.0 |       0 |       5 |   0.0 |   630
               +---------+---------+-------+---------+---------+-------+---------

Table legend:
 A = Turns spent in this place as a percentage of turns spent in the entire game.
 B = Non-inter-level travel turns spent in this place as a percentage of non-inter-level travel turns spent in the entire game.
 C = Inter-level travel turns spent in this place as a percentage of turns spent in this place.
 D = Turns resting spent in this place as a percentage of non-inter-level travel turns spent in this place.
 E = Turns spent auto-exploring this place as a percentage of non-inter-level travel turns spent in this place.
 F = Non-inter-level travel turns spent in this place divided by the number of levels of this place that you've seen.
                   A       B       C       D       E      F
               +-------+-------+-------+-------+-------+----------------------
         Total | 100.0 | 100.0 |   3.4 |   0.1 |   0.0 | 448.2
       Dungeon |  81.7 |  81.0 |   4.1 |   0.1 |   0.0 | 462.3
          Lair |   8.6 |   8.9 |   0.0 |   0.0 |   0.0 | 280.0
     Labyrinth |   9.7 |  10.0 |   0.0 |   0.0 |   0.0 | 630.0
               +-------+-------+-------+-------+-------+----------------------

Table legend:
 A = Kills in this place as a percentage of kills in entire the game.
 B = Kills by you in this place as a percentage of kills by you in the entire game.
 C = Kills by friends in this place as a percentage of kills by friends in the entire game.
 D = Other kills in this place as a percentage of other kills in the entire game.
 E = Experience gained in this place as a percentage of experience gained in the entire game.
 F = Experience gained in this place divided by the number of levels of this place that you have seen.
                   A       B       C       D       E      F
               +-------+-------+-------+-------+-------+----------------------
         Total | 100.0 | 100.0 | 100.0 | 100.0 | 100.0 | 1375.1
       Dungeon |  87.0 |  87.1 |  84.6 | 100.0 |  71.6 | 1252.5
          Lair |  10.9 |  10.7 |  15.4 |   0.0 |  19.1 | 1839.5
     Labyrinth |   2.0 |   2.1 |   0.0 |   0.0 |   9.3 | 1795.0
               +-------+-------+-------+-------+-------+----------------------

Vault maps used:
D:1:      dpeg_arrival_stone_temple_mockup, serial_bayou_lake_a
D:2:      grunt_temple_overflow_opulence, old_standard_altar,
          lemuel_crystal_altar, serial_park_tiny_2, minmay_misc_feat_room,
          uniq_jessica
D:3:      wad_woods_tower, minmay_misc_feat_doors, minmay_misc_feat_nine_boxes,
          minmay_misc_feat_pillars, trog_eyes_of_draining
D:4:      old_standard_altar, uniq_edmund, uniq_eustachio, uniq_grinder
D:5:      nicolae_overflow_hidden_temple, first_bread, serial_bayou_crossing
D:6:      old_standard_altar, minmay_temple_entry_nine_rooms
D:7:      marbit_many_paths, bh_chokoban, the_bakery
D:8:      lemuel_crystal_altar, lemuel_crystal_altar, serial_shops, shop,
          uniq_pikel, uniq_joseph, uniq_erica
D:9:      nicolae_elemental_shop
D:10:     david_lair_shrubbed
D:11:     erik_orc_3, serial_shops, shop
Lair:1:   serial_bayou, serial_bayou_pond_e, serial_bayou_pond_a,
          serial_bayou_pond_b, serial_bayou_pond_a, serial_bayou_shore_a,
          st_stairs_6, roderic_batcave
Lair:2:   lab_entry_generic, minmay_lindwurm_lava, grunt_megastairs_5,
          infiniplex_staircase_pool
Lab:      labyrinth_watery, nicolae_lab_checkerboard,
          labyrinth_skeletal_remains, nicolae_lab_big_swirl
